 Dungeon Crawl Stone Soup version 0.31-a0-214-gb37851d (webtiles) character file.

Game seed: 5060612664855693232

258 Dawnplanks the Gusty (level 6, -2/33 HPs)
             Began as a Tengu Air Elementalist on July 1, 2023.
             Slain by Crazy Yiuf
             ... wielding a +3 quarterstaff of chaos
              (17 damage)
             ... on level 3 of the Dungeon.
             The game lasted 00:08:30 (2944 turns).

Dawnplanks the Gusty (Tengu Air Elementalist)       Turns: 2944, Time: 00:08:30

Health: -2/33      AC:  3    Str:  8    XL:     6   Next: 16%
Magic:  7/12       EV: 15    Int: 18    God:
Gold:   107        SH:  0    Dex: 14    Spells: 7/11 levels left

rFire   . . .        j - +2 hand axe (drain)
rCold   . . .        (no shield)
rNeg    . . .        a - +0 robe
rPois   .            (helmet restricted)
rElec   .            d - +0 cloak
rCorr   .            (no gloves)
SInv    .            (boots unavailable)
Will    .....        (no amulet)
Stlth   ++           (no ring)
HPRegen 0.25/turn    (no ring)
MPRegen 0.13/turn

%: no passive effects
@: flying quickly and evasively, quick
A: beak, talons 3, nimble flight
a: no special abilities


You were on level 3 of the Dungeon.
You visited 1 branch of the dungeon, and saw 3 of its levels.

You collected 131 gold pieces.
You spent 24 gold pieces at shops.

Inventory:

Hand Weapons
 j - a +2 hand axe of draining (weapon)
Armour
 a - a +0 robe (worn)
 d - a +0 cloak (worn)
Magical Staves
 i - a staff of fire
Jewellery
 l - an amulet of faith
Wands
 f - a wand of flame (24)
Scrolls
 c - a scroll of teleportation
 g - a scroll of fog
 m - 3 scrolls of identify
 n - a scroll of fear {unknown}
Potions
 b - a potion of magic
 e - 3 potions of curing
 h - 3 potions of heal wounds
 k - a potion of berserk rage {unknown}


   Skills:
 + Level 0.4 Fighting
 - Level 1.7 Axes
 + Level 2.6 Dodging
 + Level 2.3 Stealth
 + Level 3.3 Spellcasting
 + Level 3.7 Conjurations
 + Level 5.8 Air Magic


You had 7 spell levels left.
You knew the following spells:

 Your Spells              Type           Power      Damage    Failure   Level
a - Shock                 Conj/Air       80%        1d8       2%          1
b - Swiftness             Air            24%        N/A       4%          3

Your spell library contained the following spells:

 Spells                   Type           Power      Damage    Failure   Level
 Static Discharge         Conj/Air       40%        2-4/arc   3%          2
 Airstrike                Air            12%        2d(2-18)  14%         4
 Apportation              Tloc           6%         N/A       16%         1
 Necrotise                Necr           12%        1d4       16%         1
 Sandblast                Erth           6%         2d5       16%         1
 Summon Small Mammal      Summ           12%        N/A       16%         1
 Stone Arrow              Conj/Erth      18%        3d8       22%         3
 Passwall                 Tmut/Erth      2%         N/A       24%         2


Dungeon Overview and Level Annotations

Branches:
Dungeon (3/15)

Altars:
Nemelex Xobeh

Shops:
D:1 ((?   D:2 :

Annotations:
D:3 Crazy Yiuf, Natasha


Innate Abilities, Weirdness & Mutations

You have a beak for a mouth.
You have claws for feet.
Your magical nature lets you fly swiftly and evasively.


Message History

You hit something. Your kick misses something. Something closely misses you.
You barely miss something. Your kick misses something. Something hits you.
You miss something. Your kick misses something. Something hits you.
Something barely misses you.
You barely miss something. You claw something.
Reactivating autopickup.
You feel a bit more experienced.
Things that are here:
a +0 dagger; a +0 robe; an orc corpse You now have 107 gold pieces (gained 11).
Found a stone staircase leading up.
k - a brown potion
n - a scroll labelled WOKKIE TO NUPT
Found a hammer.
Found a runed translucent door.
You reach down and open the door.
The zap hits Crazy Yiuf.
Crazy Yiuf is lightly wounded.
Crazy Yiuf shouts!
The zap hits Crazy Yiuf.
Crazy Yiuf is heavily wounded.
The zap hits Crazy Yiuf.
Crazy Yiuf is severely wounded.
The zap misses Crazy Yiuf.
The zap misses Crazy Yiuf.
Crazy Yiuf cries, "Sif Muna!
Lugonu poople arga."
The zap hits Crazy Yiuf.
Crazy Yiuf is severely wounded.
Crazy Yiuf yells, "Rifle fast ena!"
Crazy Yiuf hits you with a +3 quarterstaff of chaos!
Crazy Yiuf draws strength from your wounds!
The zap hits Crazy Yiuf.
Crazy Yiuf is severely wounded.
Crazy Yiuf hits you with a +3 quarterstaff of chaos!
Crazy Yiuf burns you.
You are too injured to fight recklessly!
You barely miss Crazy Yiuf. Your peck misses Crazy Yiuf.
Crazy Yiuf is severely wounded.
Crazy Yiuf hits you with a +3 quarterstaff of chaos!
Ouch! That really hurt!
You die...

#...#.=.........#
..........#######
#...#####.# #...#
#.# ##### #...#
#.# #)..# ##..#
#.# #...# ##..#
#.## ...
....#####..# #g#
...........# ♣@♣♣
.#..######.# ♣♣.♣
.#..# #...# ♣.♣♣
.#..####...# ♣♣.♣
.#.........#
♣♣.♣♣
.##.####<..#
♣♣...♣
...........#
♣....♣
#########.##
##..##
#..####....#


You could see Crazy Yiuf.

Vanquished Creatures
  An orc priest (D:3)
  3 orc wizards (D:3)
  Natasha (twice) (D:3)
  Robin (D:3)
  2 worms (D:2)
  A dart slug (D:3)
  4 orcs (D:3)
  11 endoplasms
  5 giant cockroaches (D:1)
  17 goblins
  4 hobgoblins
  3 jackals
  6 kobolds
  2 quokkas
  3 ball pythons
  6 bats
  A frilled lizard (D:3)
  4 rats
76 creatures vanquished.

Notes
Turn   | Place    | Note
-------+----------+-------------------------------------------
     0 | D:1      | Dawnplanks the Tengu Air Elementalist began the quest for
                  | the Orb.
     0 | D:1      | Reached XP level 1. HP: 10/10 MP: 4/4
   192 | D:1      | Reached XP level 2. HP: 15/15 MP: 1/6
   388 | D:1      | Found Pept's Weapon Shop.
   572 | D:1      | Found Upuyd's Weapon Emporium.
   599 | D:1      | Reached XP level 3. HP: 18/19 MP: 3/7
   863 | D:1      | Found Doulimp's Magic Scroll Emporium.
   868 | D:1      | Bought a scroll of identify for 24 gold pieces
  1199 | D:2      | Found Kajupnoh's Book Boutique.
  1439 | D:2      | Reached skill level 5 in Air Magic
  1586 | D:2      | Reached XP level 4. HP: 24/24 MP: 0/8
  1986 | D:3      | Found a sparkling altar of Nemelex Xobeh.
  1998 | D:3      | Noticed Natasha
  2008 | D:3      | Killed Natasha
  2066 | D:3      | Noticed Natasha
  2069 | D:3      | Killed Natasha
  2070 | D:3      | Gained mutation: Your magical nature lets you fly swiftly
                  | and evasively. [Tengu growth]
  2070 | D:3      | Reached XP level 5. HP: 25/28 MP: 6/10
  2145 | D:3      | Reached skill level 1 in Axes
  2343 | D:3      | Learned a level 3 spell: Swiftness
  2393 | D:3      | Noticed Robin
  2411 | D:3      | Killed Robin
  2764 | D:3      | Reached XP level 6. HP: 12/33 MP: 1/11
  2784 | D:3      | Noticed Natasha
  2934 | D:3      | Found a runed translucent door.
  2935 | D:3      | Noticed Crazy Yiuf
  2944 | D:3      | Slain by Crazy Yiuf

Illustrated notes

Levels and vault maps discovered:
D:1:      lemuel_arrival_muddy, layout_basic, serial_shops, nicolae_shop_trees,
          shop, shop, minmay_misc_feat_diagonals, chequers_serial_rivers_marsh
D:2:      layout_rooms, serial_shops, shop, minmay_cupped
D:3:      layout_loops_ring, mainiacjoe_overflow_small_starburst, serial_shops,
          shop, uniq_natasha, uniq_crazy_yiuf_cottage, uniq_robin

Skill      XL: |  1  2  3  4  5 |
---------------+----------------+-----
Conjurations   | 2 3 |  3.7
Air Magic      | 5 |  5.8
Spellcasting   | 3 |  3.3
Axes           | 1 |  1.7
Fighting       | |  0.4
Dodging        | |  2.6
Stealth        | |  2.3

Action                     |  1- 3 |  4- 6 || total
---------------------------+-------+-------++-------
  Melee: Unarmed           |     6 |       ||     6
         Peck              |     2 |     1 ||     3
         Hand axe          |     8 |    47 ||    55
         Kick              |     1 |     4 ||     5
         Punch             |       |     1 ||     1
   Cast: Shock             |    84 |    61 ||   145
    Use: Scroll            |     4 |     1 ||     5
         Potion            |       |     2 ||     2
 Armour: Robe              |     9 |     4 ||    13
         Skin              |       |    27 ||    27
  Dodge: Dodged            |    17 |    15 ||    32

Table legend: (Time is in decaauts)
 A = Elapsed time spent in this place.
 B = Non-inter-level travel time spent in this place.
 C = Inter-level travel time spent in this place.
 D = Time resting spent in this place.
 E = Time spent auto-exploring this place.
 F = Levels seen in this place.
 G = Mean time per level.
                   A        B        C        D        E       F      G
               +--------+--------+--------+--------+--------+-----+--------+
         Total |   2951 |   2795 |    156 |      0 |   2323 |   3 |  983.7 |
       Dungeon |   2951 |   2795 |    156 |      0 |   2323 |   3 |  983.7 |
               +--------+--------+--------+--------+--------+-----+--------+

Top non-repeatable levels by time:
     D:1: 1161 daAuts
     D:2: 971 daAuts
     D:3: 818 daAuts
